 Dungeon Crawl Stone Soup version 0.22-a0-322-g60b3cfd (webtiles) character file.

331 grindst0ne the Charlatan (level 6, -3/48 HPs)
             Began as a Human Artificer on Apr 4, 2018.
             Engulfed by a cloud of flame (9 damage)
             ... on level 4 of the Dungeon.
             The game lasted 00:06:47 (4179 turns).

grindst0ne the Charlatan (Human Artificer)          Turns: 4179, Time: 00:06:48

Health: -3/48      AC:  7    Str: 15    XL:     6   Next: 81%
Magic:  10/10      EV: 10    Int: 11    God:
Gold:   125        SH:  0    Dex: 13    Spells: 5/5 levels left

rFire    + . .     SeeInvis .   q - +0 hand axe
rCold    . . .     Gourm    .   (no shield)
rNeg     . . .     Faith    .   j - +0 scale mail
rPois    .         Spirit   .   (no helmet)
rElec    .         Reflect  .   (no cloak)
rCorr    .         Harm     .   (no gloves)
MR       .....                  k - +0 pair of boots
Stlth    ..........             (no amulet)
HPRegen  0.16/turn              u - ring of protection from fire
MPRegen  0.12/turn              (no ring)

@: confused, lethally poisoned (-3 -> -5)
A: no striking features
a: no special abilities


You were on level 4 of the Dungeon.
You were not hungry.

You visited 1 branch of the dungeon, and saw 4 of its levels.

You collected 125 gold pieces.

Inventory:

Hand Weapons
 a - a +0 short sword
 q - a +0 hand axe (weapon)
Missiles
 t - 5 tomahawks (quivered)
Armour
 b - a +0 leather armour
 j - a +0 scale mail (worn)
 k - a +0 pair of boots (worn)
 w - a cursed +0 buckler
Jewellery
 u - a ring of protection from fire (left hand)
 v - a cursed amulet of inaccuracy {unknown}
Wands
 c - a wand of flame (9)
 d - a wand of enslavement (15)
 e - a wand of random effects (15)
 y - a wand of clouds (3)
Scrolls
 h - a scroll of teleportation {unknown}
 i - 3 scrolls of identify {unknown}
 l - a scroll of random uselessness {unknown}
 p - a scroll of blinking {unknown}
 r - 2 scrolls of enchant weapon {unknown}
 x - a scroll of remove curse {unknown}
Potions
 g - 3 potions of ambrosia
 m - a potion of flight {unknown}
 n - 3 potions of lignification {unknown}
 o - a potion of resistance {unknown}
 s - a potion of haste {unknown}
Comestibles
 f - 6 rations


   Skills:
 + Level 3.6 Fighting
 - Level 1.0 Short Blades
 - Level 2.0 Dodging
 - Level 1.0 Stealth
 - Level 6.0 Evocations


You had 5 spell levels left.
You didn't know any spells.

Dungeon Overview and Level Annotations

Branches:
Dungeon (4/15)
 Temple: D:4-7

Altars:
Trog
Wu Jian
Zin
The Shining One


Message History

The phantom blinks!
Evoke which item? (* to show all) (? for menu, Esc to quit)
Aiming: Throw Flame
Press: ? - help, Shift-Dir - straight line, f - phantom
Aim: a phantom (moderately damaged)
The puff of flame hits the phantom.
The phantom is heavily damaged.
* * * LOW HITPOINT WARNING * * *
You feel sick.
It was a potion of ambrosia.
You are confused.
You feel invigorated.
Evoke which item? (* to show all) (? for menu, Esc to quit)
That's the wrong kind of item! (Use * to select it.) Evoke which item? (* to show all) (? for menu, Esc to quit)
You're too confused!
You are engulfed in blazing flames.
You resist.
* * * LOW HITPOINT WARNING * * *
You are engulfed in blazing flames.
You resist.
You die...

#######.####..#.....≈
...................≈≈
...........§§§....≈≈≈
..........§§§...≈≈≈≈≈
...........§§..P≈≈≈≈≈
........W).§§...P≈≈≈≈
..........§........≈≈
##...##.§§####......≈
#... #@.§# ...P.P. ..
#§§§..........
#............
#......... ###.......
#....... ...##.. ...#


You could see a phantom.

Vanquished Creatures
  A scorpion (D:4)
  2 orc priests (D:3)
  Ijyb (D:3)
  An orc wizard (D:3)
  8 adders
  An adder skeleton (D:4)
  4 worms
  A dart slug (D:1)
  A leopard gecko (D:1)
  9 orcs
  2 ball pythons (D:3)
  10 bats
  4 giant cockroaches (D:1)
  7 goblins
  9 hobgoblins
  3 jackals (D:2)
  8 kobolds
  5 frilled lizards
  8 rats
85 creatures vanquished.

Notes
Turn   | Place    | Note
-------+----------+-------------------------------------------
     0 | D:1      | grindst0ne the Human Artificer began the quest for the Orb.
     0 | D:1      | Reached XP level 1. HP: 15/15 MP: 3/3
   255 | D:1      | Reached XP level 2. HP: 16/21 MP: 4/4
   728 | D:1      | Reached XP level 3. HP: 26/26 MP: 5/5
  1317 | D:2      | Reached skill level 4 in Evocations
  1390 | D:2      | Found an ornate altar of the Wu Jian Council.
  1601 | D:2      | Reached XP level 4. HP: 26/33 MP: 7/7
  2424 | D:2      | Found a bloodstained altar of Trog.
  2535 | D:3      | Found a glowing silver altar of Zin.
  2584 | D:3      | Found a glowing golden altar of the Shining One.
  2800 | D:3      | Reached XP level 5. HP: 28/39 MP: 8/8
  3131 | D:3      | Noticed Ijyb
  3165 | D:3      | Killed Ijyb
  3165 | D:3      | Reached skill level 5 in Evocations
  3453 | D:3      | Reached XP level 6. HP: 11/47 MP: 8/10
  3962 | D:4      | Noticed a phantom
  4167 | D:4      | Reached skill level 6 in Evocations
  4176 | D:4      | HP: 2/48 [poisoned by a scorpion]
  4179 | D:4      | Engulfed by a cloud of flame

Vault maps used:
D:1:      shiori_shiawase
D:2:      cheibrodos_old_hovel, lemuel_round_altar, lemuel_round_altar
D:3:      overflow_temple_1_default, tso_oasis_becter, uniq_ijyb
D:4:      kennysheep_ying_yang, lightli_sewer_entry_pipes,
          minmay_splitting_lines, minmay_misc_feat_diagonals,
          guppyfry_early_lair_pool

Skill      XL: |  1  2  3  4  5  6 |
---------------+-------------------+-----
Evocations     | 4 5 6 |  6.0
Fighting       | 2 3 |  3.6
Short Blades   | |  1.0
Dodging        | |  2.0
Stealth        | |  1.0

Action                   |  1- 3 |  4- 6 || total
-------------------------+-------+-------++-------
Melee: Short sword       |   193 |    42 ||   235
       Hand axe          |       |   193 ||   193
Throw: Tomahawk          |       |     6 ||     6
Evoke: Wand              |       |     9 ||     9
  Use: Potion            |       |     1 ||     1
 Stab: Distracted        |     1 |       ||     1
  Eat: Chunk             |     2 |     9 ||    11
Armor: Leather armour    |    28 |       ||    28
       Scale mail        |    82 |   133 ||   215
Dodge: Dodged            |   150 |   148 ||   298

Table legend:
 A = Spawn XP
 B = Non-spawn XP
 C = Spawn XP percentage of total XP
 D = Spawn monster count
 E = Non-spawn monster count
 F = Spawn count percentage of total count
 G = Total turns spent on level
                    A         B        C        D         E        F      G
               +---------+---------+-------+---------+---------+-------+---------
         Total |       0 |     473 |   0.0 |       0 |      85 |   0.0 |  4179
               +---------+---------+-------+---------+---------+-------+---------
           D:1 |       0 |      45 |   0.0 |       0 |      26 |   0.0 |  1276
           D:2 |       0 |      62 |   0.0 |       0 |      25 |   0.0 |  1220
           D:3 |       0 |     226 |   0.0 |       0 |      25 |   0.0 |  1463
           D:4 |       0 |     140 |   0.0 |       0 |       9 |   0.0 |   220
               +---------+---------+-------+---------+---------+-------+---------
